 Dungeon Crawl Stone Soup version 0.17-a0-1373-g64d4c99 (webtiles) character file.

407235 xgamer67 the Skullcrusher (level 23, -12/441 HPs)
             Began as an Ogre Hunter on June 14, 2015.
             Was the Champion of Yredelemnul.
             Mangled by a titan (23 damage)
             ... on level 5 of the Vaults.
             The game lasted 04:03:23 (48519 turns).

xgamer67 the Skullcrusher (Ogre Hunter)            Turns: 48519, Time: 04:03:23

Health: -12/441    AC: 27    Str: 29    XL:     23   Next: 43%
Magic:  32/32      EV: 21    Int: 10    God:    Yredelemnul [******]
Gold:   975        SH:  0    Dex: 16    Spells: 6 memorised, 12 levels left

rFire  + + .     SeeInvis .     a - +4 giant spiked club (freeze)
rCold  . . .     Clarity  .     m - +8 pearl dragon armour
rNeg   + + .     SustAt   .     (no shield)
rPois  +         Gourm    .     k - +2 hat
rElec  .         Spirit   .     v - +0 cloak {MR+}
rCorr  .         Warding  .     (gloves unavailable)
rMut   .         Stasis   .     (boots unavailable)
MR     ++++.                    x - amulet of Vitality {Regen+ HP+15}
Stlth  ..........               O - ring of protection from magic
                                Q - ring of the Middle {rPois rF++ rN+ EV+4 Stlth-}

@: berserking, very slightly contaminated, hasted (expiring), very quick,
incredibly resistant to hostile enchantments, extremely unstealthy
A: unfitting armour, tough skin 1
a: Animate Dead, Recall Undead Slaves, Injury Mirror, Drain Life, Enslave Soul,
Renounce Religion
}: 2/15 runes: barnacled, gossamer


You were on level 5 of the Vaults.
You worshipped Yredelemnul.
Yredelemnul was exalted by your worship.
You were not hungry.

You visited 8 branches of the dungeon, and saw 48 of its levels.
You visited 1 bazaar.
You also visited: Sewer and Ice Cave.

You collected 5860 gold pieces.
You spent 4885 gold pieces at shops.

Inventory:

Hand weapons
 a - a +4 giant spiked club of freezing (weapon)
 b - the +9 great mace of Bloody Death {flame, MP+9}
   (You found it on level 3 of the Depths)

   It has been specially enchanted to burn those struck by it, causing extra
   injury to most foes and up to half again as much damage against particularly
   susceptible opponents.
   It affects your magic capacity (+9).
Missiles
 r - 101 large rocks
 H - 5 throwing nets (quivered)
Armour
 k - a +2 hat (worn)
 m - a +8 pearl dragon armour (worn)
 v - a +0 cloak of magic resistance (worn)
Jewellery
 s - an uncursed amulet of warding
 x - the amulet of Vitality (around neck) {Regen+ HP+15}
   (You took it off a deep elf conjurer on level 3 of the Elven Halls)

   [amulet of regeneration]

   It affects your health (+15).
   It increases your rate of regeneration.
 y - an uncursed amulet of resist mutation
 E - an uncursed amulet of clarity
 G - an uncursed amulet of resist corrosion
 J - an uncursed ring of teleportation
 O - a ring of protection from magic (right hand)
 Q - the ring of the Middle (left hand) {rPois rF++ rN+ EV+4 Stlth-}
   (You bought it in a shop on level 4 of the Orcish Mines)

   [ring of evasion]

   It affects your evasion (+4).
   It greatly protects you from fire.
   It protects you from poison.
   It protects you from negative energy.
   It makes you less stealthy.
 V - an uncursed ring of positive energy
Magical devices
 l - a wand of teleportation (4)
 D - a wand of heal wounds (5)
 K - a wand of hasting (5)
 R - a wand of heal wounds (6)
 X - a wand of digging (7)
Scrolls
 d - 5 scrolls of silence
 j - 3 scrolls of blinking
 p - 7 scrolls of fog
 w - 4 scrolls of recharging
 z - 19 scrolls of teleportation
 A - 2 scrolls of fear
 B - 3 scrolls of magic mapping
 M - 2 scrolls of summoning
 T - 4 scrolls of identify
 Y - 14 scrolls of remove curse
Potions
 c - 7 potions of flight
 g - 23 potions of curing
 h - 4 potions of invisibility
 i - 4 potions of might
 n - 6 potions of cancellation
 o - 7 potions of agility
 q - 3 potions of heal wounds
 C - 3 potions of haste
 F - 3 potions of berserk rage
 N - a potion of resistance
Miscellaneous
 f - a lamp of fire
 t - a phial of floods
 u - a stone of tremors
 P - a lantern of shadows
 S - a phial of floods
 U - a stone of tremors
 W - a disc of storms
 Z - a lamp of fire
Comestibles
 e - 20 bread rations
 I - 14 meat rations
 L - 7 chunks of flesh


   Skills:
 + Level 26.0 Fighting
 O Level 27 Maces & Flails
 - Level 6.0 Throwing
 - Level 11.0 Armour
 - Level 15.0 Dodging
 - Level 0.7 Stealth
 - Level 12.2 Invocations
 - Level 9.0 Evocations


You had 12 spell levels left.
You knew the following spells:

 Your Spells              Type           Power        Failure   Level  Hunger
a - Apportation           Tloc           #.........   78%         1    ##.....
b - Summon Butterflies    Summ           #.......     78%         1    ##.....
c - Repel Missiles        Chrm/Air       #.....       93%         2    ###....
d - Swiftness             Chrm/Air       #.......     93%         2    ###....
e - Blink                 Tloc           N/A          93%         2    ###....
f - Shroud of Golubria    Chrm/Tloc      #.........   93%         2    ###....


Dungeon Overview and Level Annotations

Branches:
Dungeon (15/15)            Temple (0/1) D:4            Lair (8/8) D:11
 Shoals (4/4) Lair:4       Spider (4/4) Lair:5        Slime (0/6) Lair:6
    Orc (4/4) D:11            Elf (3/3) Orc:4        Vaults (5/5) D:13
  Crypt (0/3) Vaults:2     Depths (5/5) D:15            Zot (0/5) Depths:5

Altars:
Cheibriados
Elyvilon
Fedhas
Gozag
Makhleb
Qazlal
Ru
Sif Muna
Trog
Vehumet
Yredelemnul
The Shining One
Beogh
Jiyva

Shops:
D:4 [   Orc:4 =*([?   Elf:2 **[   Elf:3 [   Vaults:4 *   Depths:1 :
Depths:4 =

Portals:
Hell: Lair:8 Depths:1 Depths:2 Depths:3 Depths:4 Depths:5
Abyss: Depths:2 Depths:4
Pandemonium: Depths:2 Depths:3 Depths:5
Ziggurat: Depths:4

Annotations:
D:8 Erolcha
D:9 Erica
Elf:2 3 runed doors


Innate Abilities, Weirdness & Mutations

You are too large for most types of armour.
You have tough skin (AC +1).


Message History

The vault warden is severely wounded.
The war gargoyle hits you with a flail!!
* * * LOW HITPOINT WARNING * * *
The titan completely misses you.
You closely miss the vault warden.
The vault warden is severely wounded.
The vault warden hits you with a battleaxe of holy wrath!
* * * LOW HITPOINT WARNING * * *
The stone giant throws a large rock.
The large rock hits you!!!
* * * LOW HITPOINT WARNING * * *
A yaktaur captain comes into view. It is wielding a dagger of draining.
You are too berserk!
You are too berserk!
You are too berserk!
You hit the vault warden but do no damage.
The vault warden is severely wounded.
The runic seals fade away.
The war gargoyle barely misses you. The titan hits you!!
You die...
Your body rises from the dead as a mindless zombie.

##..#....#...#
#...#....#..#
.........).#
####..)(.)).######
.......<<)[.......
......<))<).......
.....).<<)........
..........9C......
####....p.@.#####
.........p.......
....#....#.....##
.....#....#..##C#
.....#....#..# ..
.. #....#... }
#....#.##. #..c.
.# .(


You could see an ironheart preserver, a titan, a stone giant, a vault warden, a
yaktaur captain and a war gargoyle.

Vanquished Creatures
  2 bone dragons
  A tentacled monstrosity (Depths:4)
  2 deep elf blademasters (Elf:3)
  4 titans (Vaults:5)
  A deep elf master archer (Elf:3)
  A lich (Depths:2)
  Polyphemus (Shoals:2)
  5 fire giants
  3 sphinxes
  A storm dragon (Vaults:5)
  A tengu reaver (Vaults:5)
  2 shadow dragons (Depths:5)
  8 frost giants
  6 deep elf sorcerers
  4 ghost moths
  5 vault wardens
  2 iron dragons
  2 emperor scorpions
  Aizul (Elf:3)
  4 ironheart preservers
  A war gargoyle (Vaults:5)
  The ghost of asdu the Severer, a powerful GrBe of Trog (Spider:3)
  8 very ugly things
  A vampire knight (Depths:4)
  12 stone giants
  A green draconian (Depths:5)
  8 deep elf annihilators
  4 deep elf demonologists
  A white draconian (Depths:5)
  11 ettins
  2 deep elf death magi (Elf:3)
  A merfolk javelineer (Shoals:4)
  Snorg (D:11)
  2 merfolk impalers (Shoals:4)
  A salamander stormcaller (Vaults:5)
  A crystal guardian (Vaults:4)
  13 vault guards
  A fire dragon (shapeshifter) (Depths:3)
  4 deep elf high priests (Elf:3)
  6 fire dragons
  13 yaktaur captains
  Harold (Lair:2)
  5 ice dragons
  2 entropy weavers
  5 spriggan air magi
  A catoblepas (D:13)
  2 great orbs of eyes
  An ice dragon (shapeshifter) (Depths:3)
  7 hydras
  2 merfolk aquamancers (Shoals:4)
  An alligator snapping turtle (Shoals:4)
  4 centaur warriors
  2 merfolk avatars (Shoals:4)
  A rakshasa (Depths:3)
  A dancing weapon (Elf:2)
  4 deep troll shamans
  A satyr (Shoals:3)
  7 deep troll earth magi
  2 fire crabs
  7 ogre magi
  4 tengu warriors
  2 death yaks (Shoals:2)
  A spriggan berserker (Depths:4)
  2 small abominations (Elf:3)
  8 deep elf knights
  A fire crab (shapeshifter) (D:15)
  3 orc high priests
  Nergalle (Lair:1)
  A soul eater (Depths:4)
  3 hell knights
  2 salamander mystics (Depths:3)
  6 iron trolls
  A skeletal warrior (Vaults:2)
  A hell hog (Depths:5)
  4 sea snakes
  16 deep trolls
  A giant orange brain (shapeshifter) (Vaults:4)
  3 wizards
  7 deep elf summoners
  A giant orange brain (Depths:4)
  A flayed ghost (D:11)
  The ghost of 4thArraOfDagon the Skirmisher, an experienced NaAM of Okawaru (D:8)
  3 orc knights
  An unseen horror (D:10)
  Pikel (D:5)
  7 deep elf conjurers
  A cyclops (shapeshifter) (Vaults:4)
  10 hill giants
  11 harpies
  22 ugly things
  8 ironbrand convokers
  4 necromancers
  4 hornets
  3 manticores
  11 wolf spiders
  5 griffons
  A mana viper (Depths:3)
  5 orb spiders
  A hornet (shapeshifter) (Vaults:4)
  A salamander (shapeshifter) (D:15)
  4 water nymphs (Shoals:4)
  A salamander (Depths:5)
  5 cyclopes
  A moth of wrath (Spider:2)
  A smoke demon (Depths:2)
  3 elephants
  Joseph (D:7)
  5 sirens
  5 black mambas
  4 naga magi (Depths:3)
  A molten gargoyle (Depths:4)
  An orange demon (Depths:2)
  11 spiny frogs
  5 torpor snails
  6 vault sentinels
  A fire drake (shapeshifter) (Depths:2)
  9 demonic crawlers
  2 kobold demonologists
  An efreet (D:13)
  3 fire drakes
  3 komodo dragons
  A komodo dragon (shapeshifter) (Vaults:5)
  11 deep elf priests
  22 yaktaurs
  A queen bee (shapeshifter) (Elf:2)
  A merfolk (shapeshifter) (Depths:3)
  A yaktaur (shapeshifter) (Vaults:1)
  2 red devils
  7 jumping spiders
  5 merfolk
  A fire vortex (Vaults:5)
  2 freezing wraiths
  2 tengu conjurers
  2 polar bears (shapeshifter)
  6 trolls
  A two-headed ogre (shapeshifter) (Vaults:3)
  A polar bear (Lair:3)
  Prince Ribbit (D:6)
  5 boulder beetles
  8 two-headed ogres
  7 snapping turtles
  16 deep elf magi
  8 wraiths
  10 trapdoor spiders
  A tarantella (shapeshifter) (Vaults:4)
  A trapdoor spider (shapeshifter) (Vaults:3)
  A yak (shapeshifter) (Vaults:2)
  Sigmund (D:3)
  21 yaks
  6 hippogriffs
  3 spriggans (Depths:4)
  A shadow (D:15)
  A stone giant simulacrum (Vaults:3)
  11 tarantellas
  A hog (shapeshifter) (Depths:1)
  A wyvern (D:12)
  21 redbacks
  6 vampire mosquitoes
  A wyvern (shapeshifter) (D:15)
  A fire elemental (Depths:2)
  A fire bat (D:11)
  Eustachio (D:6)
  The ghost of 4thArraOfDagon the Skirmisher, an average CeAK of Lugonu (D:10)
  2 water elementals
  18 deep elf fighters
  2 human simulacra
  A basilisk (Lair:4)
  2 steam dragons
  A salamander skeleton (Vaults:1)
  3 humans (D:13)
  A hungry ghost (D:14)
  3 wargs
  8 water moccasins
  A warg (shapeshifter) (D:15)
  2 harpy simulacra (IceCv)
  8 hell hounds (Depths:5)
  A soldier ant (D:13)
  6 sky beasts
  A sky beast (shapeshifter) (Depths:4)
  3 wasps (Depths:4)
  8 spiders
  A hydra simulacrum (Depths:3)
  2 ice beasts
  12 orc warriors
  2 necrophages
  A phantom (D:7)
  3 slaves
  11 porcupines
  2 black bears
  5 centaurs
  35 ogres
  A fire dragon simulacrum (Depths:3)
  13 boggarts
  9 crocodiles
  14 big kobolds
  A wyvern zombie (D:14)
  2 human skeletons
  16 giant frogs
  3 scorpions
  24 killer bees
  5 wights (D:13)
  2 giant frog zombies
  7 crimson imps
  A draconian simulacrum (IceCv)
  2 centaur zombies
  19 orc priests
  9 hounds
  2 jellies
  25 orc wizards
  7 centaur skeletons
  3 giant frog skeletons
  A spriggan simulacrum (IceCv)
  8 iguanas
  A killer bee zombie (D:9)
  12 worker ants
  3 sheep (Lair:5)
  3 hound zombies
  A hound skeleton (D:8)
  5 worker ant zombies
  8 gnolls
  52 river rats
  5 white imps (Spider:4)
  2 shadow imps
  11 adders
  2 ufetubi (IceCv)
  An ooze (D:4)
  3 adder zombies
  2 worms
  9 giant geckos
  84 orcs
  14 bats
  A bat zombie (D:6)
  7 giant cockroaches
  9 hobgoblins
  8 jackals
  27 kobolds
  4 quokkas
  7 ball pythons
  3 giant gecko skeletons
  A giant gecko zombie (D:6)
  6 giant newts
  18 goblins
  A jackal zombie (D:7)
  17 rats
  A bush (D:4)
  3 plants
1299 creatures vanquished.

Vanquished Creatures (collateral kills)
  An ancient lich (Depths:3)
  Saint Roka (Orc:4)
  A golden dragon (Vaults:4)
  Xtahua (Depths:3)
  3 liches (Depths:5)
  Jorgrun (Vaults:1)
  A tentacled monstrosity (Vaults:5)
  Asterion (Vaults:1)
  A deep elf blademaster (Depths:3)
  A titan (Vaults:5)
  2 deep elf master archers (Elf:3)
  2 octopode crushers (Depths:1)
  A sphinx (Depths:1)
  A storm dragon (Vaults:5)
  A draconian monk (Depths:5)
  7 tengu reavers
  Ilsuiw (Shoals:4)
  2 fire giants
  A draconian knight (Depths:4)
  5 frost giants
  A frost giant (shapeshifter) (Depths:1)
  4 vault wardens
  4 deep elf sorcerers
  5 emperor scorpions
  2 ghost moths (Spider:4)
  9 very ugly things
  7 stone giants
  4 ironheart preservers
  A spriggan defender (Depths:4)
  A deep elf demonologist (Elf:3)
  A green draconian (Depths:5)
  4 deep elf annihilators
  A mottled draconian (Depths:5)
  A red draconian (Depths:5)
  A yellow draconian (Depths:5)
  A dire elephant (Lair:8)
  3 merfolk javelineers (Shoals:4)
  2 deep elf high priests
  4 deep elf death magi (Elf:3)
  15 vault guards
  5 merfolk impalers
  13 yaktaur captains
  4 ettins
  Josephine (Orc:4)
  3 jiangshi (Depths:4)
  5 entropy weavers
  5 great orbs of eyes
  4 rakshasas
  7 fire dragons
  2 ice dragons
  2 spriggan air magi
  3 merfolk avatars (Shoals:4)
  2 catoblepae
  2 hell beasts
  2 hydras
  2 alligator snapping turtles
  4 deep troll shamans
  An alligator (shapeshifter) (Depths:3)
  2 centaur warriors
  2 merfolk aquamancers (Shoals:4)
  4 death yaks
  2 salamander stormcallers (Vaults:5)
  8 deep troll earth magi
  9 ogre magi
  A vampire mage (Depths:4)
  4 spriggan berserkers
  4 tengu warriors
  A dancing weapon (Depths:4)
  An orc high priest (Orc:4)
  Sonja (Orc:3)
  A salamander mystic (Depths:3)
  5 hell knights
  7 deep elf knights
  An iron troll (Depths:3)
  2 skeletal warriors (Vaults:2)
  11 sea snakes
  A deep troll (shapeshifter) (Depths:1)
  2 unseen horrors
  2 wizards
  10 deep trolls
  4 orc knights
  5 deep elf summoners
  A giant orange brain (Depths:2)
  15 harpies
  5 ironbrand convokers
  2 phantasmal warriors
  A flayed ghost (Depths:4)
  3 orc sorcerers
  A salamander (Depths:4)
  4 necromancers
  23 wolf spiders
  4 deep elf conjurers
  2 fire giant zombies
  A hornet (shapeshifter) (Depths:2)
  6 orb spiders
  2 fauns (Shoals:3)
  7 griffons
  A tengu skeleton (Vaults:4)
  7 hornets
  25 ugly things
  5 water nymphs
  6 manticores
  A black mamba (Lair:5)
  2 elephants (Lair:6)
  2 vault sentinels
  A rust devil (Depths:2)
  A frost giant skeleton (Vaults:3)
  A salamander (shapeshifter) (Vaults:5)
  5 sirens
  2 naga magi (Depths:3)
  A torpor snail (Lair:7)
  6 orange demons
  A molten gargoyle (Depths:2)
  A yaktaur zombie (Vaults:4)
  11 spiny frogs
  4 deep elf priests
  2 fire drakes
  A redback zombie (Vaults:2)
  9 demonic crawlers
  2 human skeletons
  3 freezing wraiths
  4 komodo dragons
  4 tengu conjurers
  2 red devils (Lair:8)
  A queen bee (Lair:3)
  20 yaktaurs
  An efreet (D:15)
  A hellwing (Lair:8)
  3 trolls
  A jumping spider (shapeshifter) (Elf:2)
  25 two-headed ogres
  2 polar bears
  4 wind drakes (Shoals:4)
  2 blue devils (Lair:8)
  19 jumping spiders
  18 merfolk
  4 boulder beetles
  6 slime creatures
  3 snapping turtles
  11 deep elf magi
  3 spriggans
  A trapdoor spider (shapeshifter) (Vaults:4)
  2 air elementals (Depths:5)
  7 water elementals
  14 tarantellas
  A tarantella (shapeshifter) (Depths:3)
  2 wyverns
  8 trapdoor spiders
  A fire elemental (Depths:2)
  15 humans (D:13)
  27 redbacks
  4 basilisks
  2 fire bats (D:11)
  A human (shapeshifter) (D:15)
  12 deep elf fighters
  A steam dragon (D:8)
  3 wraiths
  5 hippogriffs
  17 yaks
  6 vampire mosquitoes
  3 wolves (Lair:7)
  A naga (shapeshifter) (Depths:4)
  4 wargs
  3 hell hounds
  2 hydra simulacra (Depths:3)
  5 porcupines
  9 spiders
  A phantom (D:14)
  A sky beast (D:12)
  5 water moccasins
  15 orc warriors
  3 wasps
  A black bear (shapeshifter) (Depths:1)
  7 boggarts
  33 ogres
  3 big kobolds (D:8)
  6 centaurs
  2 human zombies
  5 giant frogs
  7 crocodiles
  22 killer bees
  2 scorpions
  An electric eel (Spider:3)
  15 orc priests
  2 crimson imps
  A human simulacrum (Vaults:3)
  An iguana (Lair:5)
  16 orc wizards
  A worker ant (D:12)
  12 sheep
  27 river rats
  7 white imps (Spider:4)
  111 orcs
  A ball python (Sewer)
  4 goblins
  3 hobgoblins
  8 kobolds
  A rat (D:9)
  4 crawling corpses
  3 fungi
  12 plants
1073 creatures vanquished.

Vanquished Creatures (others)
  3 profane servitors
  A bone dragon (Vaults:4)
  5 ghouls
  A war gargoyle (Vaults:5)
  A spectral dwarf (Depths:4)
  2 very ugly thing zombies
  A spectral human (Spider:4)
  6 death cobs
  An ogre mage (Vaults:2)
  A tengu warrior (Depths:2)
  2 necromancers
  14 skeletal warriors
  8 flayed ghosts
  8 phantasmal warriors
  2 ironbrand convokers
  6 ugly thing zombies
  An iron dragon zombie (Depths:5)
  A draconian zombie (Depths:5)
  A hornet (Spider:4)
  2 frost giant zombies
  A stone giant zombie (Vaults:4)
  2 human zombies (Vaults:4)
  A yaktaur (Vaults:2)
  2 redback zombies
  A spriggan skeleton (Depths:3)
  A green draconian skeleton (Depths:5)
  A harpy zombie (Shoals:3)
  A wind drake (Depths:2)
  2 human skeletons (Vaults:4)
  2 ice dragon zombies (Depths:5)
  A trapdoor spider zombie (Spider:4)
  A slime creature (D:15)
  2 fire dragon zombies
  5 flying skulls
  A deep elf mage (Elf:1)
  13 vampires
  6 deep troll zombies
  A trapdoor spider (Spider:4)
  2 humans (D:13)
  A water nymph zombie (Shoals:4)
  2 tengu zombies
  A spiny frog zombie (Lair:3)
  An orb spider zombie (Lair:5)
  A soldier ant (shapeshifter) (Vaults:1)
  2 orc warriors
  3 manticore zombies
  A torpor snail zombie (Spider:2)
  A troll zombie (D:11)
  A fire crab zombie (Depths:3)
  2 yaktaur zombies
  A water moccasin zombie (D:11)
  A spider zombie (Spider:2)
  A polar bear zombie (Lair:3)
  2 killer bee zombies (D:11)
  2 naga zombies (Depths:3)
  3 yak zombies
  A yak skeleton (Lair:2)
  4 wights
  3 spriggan zombies
  A wolf zombie (Lair:7)
  4 wasp zombies (Depths:4)
  3 centaur zombies (D:13)
  A soldier ant zombie (D:13)
  An orc wizard (D:6)
  12 elf zombies
  4 giant frog zombies
  3 two-headed ogre zombies
  3 porcupine zombies (Lair:3)
  A two-headed ogre skeleton (Depths:3)
  4 crocodile zombies
  4 ogre zombies
  A necrophage skeleton (D:11)
  2 hound zombies (D:7)
  3 mummies (D:11)
  2 scorpion zombies
  An adder (D:6)
  A white imp (IceCv)
  2 ufetubi (IceCv)
  An adder zombie (D:10)
  A sheep zombie (Lair:5)
  An orc (D:11)
  A bat skeleton (D:8)
  A hobgoblin (D:11)
  13 river rat zombies
  A giant newt (D:5)
  5 kobold zombies
  32 orc zombies
  A quokka zombie (D:11)
  A crawling corpse (Vaults:5)
  5 fungi
  5 plants
268 creatures vanquished.

Grand Total: 2640 creatures vanquished

Notes
Turn   | Place    | Note
--------------------------------------------------------------
     0 | D:1      | xgamer67 the Ogre Hunter began the quest for the Orb.
     0 | D:1      | Reached XP level 1. HP: 22/22 MP: 1/1
   215 | D:1      | Reached XP level 2. HP: 31/31 MP: 2/2
   920 | D:1      | Reached skill level 1 in Maces & Flails
  1101 | D:2      | Reached XP level 3. HP: 39/39 MP: 3/3
  1368 | D:2      | Found a deep blue altar of Sif Muna.
  1368 | D:2      | Found a white marble altar of Elyvilon.
  1368 | D:2      | Found a basalt altar of Yredelemnul.
  1375 | D:2      | Became a worshipper of Yredelemnul the Dark
  1797 | D:3      | Noticed Sigmund
  1817 | D:3      | Killed Sigmund
  1817 | D:3      | Reached skill level 6 in Maces & Flails
  1817 | D:3      | Reached XP level 4. HP: 38/48 MP: 4/4
  1817 | D:3      | Reached XP level 5. HP: 42/54 MP: 5/5
  2050 | D:3      | Reached XP level 6. HP: 39/62 MP: 6/6
  2069 | D:3      | Reached skill level 7 in Maces & Flails
  2851 | D:4      | Acquired Yredelemnul's first power
  2921 | D:4      | Reached skill level 1 in Invocations
  3063 | D:4      | Found a glowing drain.
  3074 | Sewer    | Entered a sewer
  3178 | Sewer    | Reached skill level 8 in Maces & Flails
  3303 | Sewer    | Reached XP level 7. HP: 55/70 MP: 8/8
  3556 | D:4      | Found a staircase to the Ecumenical Temple.
  3691 | D:4      | Reached skill level 9 in Maces & Flails
  3855 | D:4      | Acquired Yredelemnul's second power
  4258 | D:4      | Found Meorateur's Antique Armour Boutique.
  4275 | D:4      | Bought a cloak for 112 gold pieces
  4408 | D:5      | Entered Level 5 of the Dungeon
  4572 | D:5      | Noticed Pikel
  4664 | D:5      | Reached XP level 8. HP: 43/78 MP: 10/10
  4706 | D:5      | Reached skill level 10 in Maces & Flails
  4988 | D:5      | Killed Pikel
  4988 | D:5      | Reached skill level 11 in Maces & Flails
  4988 | D:5      | Reached skill level 5 in Invocations
  5583 | D:5      | Reached skill level 12 in Maces & Flails
  5948 | D:6      | Reached XP level 9. HP: 84/84 MP: 12/12
  5985 | D:6      | Acquired Yredelemnul's third power
  6236 | D:6      | Reached skill level 13 in Maces & Flails
  6283 | D:6      | Reached skill level 1 in Armour
  6330 | D:6      | Noticed Eustachio
  6366 | D:6      | Killed Eustachio
  6709 | D:6      | Noticed Prince Ribbit
  6719 | D:6      | Killed Prince Ribbit
  7091 | D:7      | Reached skill level 5 in Dodging
  7124 | D:7      | Noticed Joseph
  7138 | D:7      | Killed Joseph
  7138 | D:7      | Reached XP level 10. HP: 62/92 MP: 13/13
  7547 | D:7      | Acquired Yredelemnul's fourth power
  7564 | D:7      | Received a gift from Yredelemnul
  7854 | D:8      | Reached skill level 5 in Armour
  7933 | D:8      | Reached skill level 5 in Fighting
  8048 | D:8      | Noticed Erolcha
  8070 | D:9      | Received a gift from Yredelemnul
  8342 | D:9      | Noticed Erica
  8375 | D:10     | Entered Level 10 of the Dungeon
  8613 | D:10     | Noticed 4thArraOfDagon's ghost (average CeAK)
  8629 | D:10     | Killed 4thArraOfDagon's ghost
  8762 | D:10     | Killed an unseen horror
  8769 | D:10     | Noticed a hill giant
  8794 | D:10     | Killed a hill giant
  8802 | D:10     | Reached XP level 11. HP: 62/110 MP: 15/15
  8859 | D:10     | Received a gift from Yredelemnul
  9269 | D:11     | Found a staircase to the Orcish Mines.
  9438 | D:11     | Found a staircase to the Lair.
  9472 | D:11     | Reached skill level 14 in Maces & Flails
  9537 | D:11     | Received a gift from Yredelemnul
  9635 | D:11     | Noticed Snorg
  9662 | D:11     | Killed Snorg
  9719 | D:11     | Found a runed door.
  9740 | D:11     | Found a sacrificial altar of Ru.
  9756 | D:11     | Found a bloodstained altar of Trog.
  9772 | D:11     | Found an opulent altar of Gozag.
  9780 | D:11     | Found a basalt altar of Yredelemnul.
 10148 | D:11     | Reached skill level 15 in Maces & Flails
 10154 | D:11     | Found a stormy altar of Qazlal.
 10182 | D:11     | Found a glowing golden altar of the Shining One.
 10257 | D:11     | Noticed an eight-headed hydra
 10266 | D:11     | Killed an eight-headed hydra
 10266 | D:11     | Reached skill level 10 in Fighting
 10326 | D:11     | Received a gift from Yredelemnul
 10574 | D:11     | Noticed a flayed ghost
 10590 | D:11     | Your ally Snorg died
 10606 | D:11     | Killed a flayed ghost
 10723 | Lair:1   | Entered Level 1 of the Lair of Beasts
 10723 | Lair:1   | Noticed a six-headed hydra
 10733 | Lair:1   | Killed a six-headed hydra
 10733 | Lair:1   | Reached XP level 12. HP: 53/126 MP: 15/17
 10991 | Lair:1   | Noticed Nergalle
 11026 | Lair:1   | Killed Nergalle
 11026 | Lair:1   | Reached skill level 16 in Maces & Flails
 12177 | Lair:2   | Acquired Yredelemnul's fifth power
 12212 | Lair:2   | Reached skill level 17 in Maces & Flails
 12629 | Lair:2   | Noticed Harold
 12643 | Lair:2   | Killed Harold
 13200 | Lair:3   | Received a gift from Yredelemnul
 13602 | Lair:3   | Learned a level 1 spell: Apportation
 13875 | Lair:3   | Received a gift from Yredelemnul
 14825 | Lair:4   | Reached XP level 13. HP: 96/133 MP: 19/19
 14859 | Lair:4   | Learned a level 1 spell: Summon Butterflies
 14872 | Lair:4   | Found a staircase to the Shoals.
 14879 | Lair:4   | Reached skill level 18 in Maces & Flails
 15261 | Lair:4   | Received a gift from Yredelemnul
 15653 | Lair:5   | Found a hole to the Spider Nest.
 15699 | Lair:5   | Received a gift from Yredelemnul
 15799 | Lair:5   | Received a gift from Yredelemnul
 16322 | Lair:5   | Received a gift from Yredelemnul
 16343 | Lair:5   | Reached skill level 10 in Invocations
 16845 | Lair:6   | Found a viscous altar of Jiyva.
 16845 | Lair:6   | Found a staircase to the Slime Pits.
 16913 | Lair:6   | Reached skill level 19 in Maces & Flails
 17299 | Lair:6   | Found a snail-covered altar of Cheibriados.
 17326 | Lair:6   | Received a gift from Yredelemnul
 17534 | Lair:7   | Received a gift from Yredelemnul
 17823 | Lair:7   | Received a gift from Yredelemnul
 18040 | Lair:8   | Entered Level 8 of the Lair of Beasts
 18051 | Lair:8   | Reached XP level 14. HP: 125/143 MP: 22/22
 18441 | Lair:8   | Received a gift from Yredelemnul
 18495 | Lair:8   | Reached skill level 20 in Maces & Flails
 18683 | Lair:8   | Noticed a dire elephant
 18688 | Lair:8   | Killed a dire elephant
 18738 | Lair:8   | Found a burning altar of Makhleb.
 19167 | Lair:8   | Found a gateway to Hell.
 19176 | Lair:8   | Got a crystal quarterstaff
 19867 | D:8      | Noticed 4thArraOfDagon's ghost (experienced NaAM)
 19875 | D:8      | Killed 4thArraOfDagon's ghost
 20121 | Orc:1    | Entered Level 1 of the Orcish Mines
 20205 | Orc:1    | Received a gift from Yredelemnul
 20249 | Orc:1    | Received a gift from Yredelemnul
 20599 | Orc:3    | Noticed Sonja
 20610 | Orc:3    | Killed Sonja
 20940 | Orc:3    | Received a gift from Yredelemnul
 21089 | Orc:4    | Entered Level 4 of the Orcish Mines
 21146 | Orc:4    | Found Ihemytt's Assorted Antiques.
 21164 | Orc:4    | Bought a scroll of identify for 46 gold pieces
 21164 | Orc:4    | Bought a scroll labeled FIUFIU LEBO for 23 gold pieces
 21226 | Orc:4    | Noticed Josephine
 21234 | Orc:4    | Killed Josephine
 21251 | Orc:4    | Found a staircase to the Elven Halls.
 21299 | Orc:4    | Received a gift from Yredelemnul
 21347 | Orc:4    | Found a roughly hewn altar of Beogh.
 21348 | Orc:4    | Found Ixodaihi's Magic Scroll Boutique.
 21365 | Orc:4    | Bought a scroll of identify for 26 gold pieces
 21365 | Orc:4    | Bought a scroll of torment for 97 gold pieces
 21365 | Orc:4    | Bought a scroll of enchant weapon for 97 gold pieces
 21365 | Orc:4    | Bought a scroll of enchant weapon for 97 gold pieces
 21414 | Orc:4    | Found a roughly hewn altar of Beogh.
 21496 | Orc:4    | Received a gift from Yredelemnul
 21773 | Orc:4    | Received a gift from Yredelemnul
 21778 | Orc:4    | Found Loalicsedd's Antique Weapon Shop.
 21778 | Orc:4    | Noticed Saint Roka
 21779 | Orc:4    | Found a roughly hewn altar of Beogh.
 21795 | Orc:4    | Reached skill level 21 in Maces & Flails
 21801 | Orc:4    | Killed Saint Roka
 21982 | Orc:4    | Found Duphask's Antique Armour Boutique.
 22087 | Orc:4    | Found a roughly hewn altar of Beogh.
 22101 | Orc:4    | Found Xoorascho's Jewellery Emporium.
 22187 | Orc:4    | Found a roughly hewn altar of Beogh.
 22238 | Orc:4    | Bought the ring of the Middle {rPois rF++ rN+ EV+4 Stlth-} for 1012 gold pieces
 22238 | Orc:4    | Bought an uncursed amulet of regeneration for 450 gold pieces
 22692 | D:12     | Received a gift from Yredelemnul
 22953 | D:13     | Found a sacrificial altar of Ru.
 23039 | D:13     | Received a gift from Yredelemnul
 23298 | D:13     | Reached XP level 15. HP: 152/152 MP: 24/24
 23566 | D:13     | Reached skill level 22 in Maces & Flails
 23628 | D:13     | Found a gate to the Vaults.
 23774 | D:14     | Received a gift from Yredelemnul
 24236 | D:15     | Entered Level 15 of the Dungeon
 24331 | D:15     | Found a radiant altar of Vehumet.
 24419 | D:15     | Received a gift from Yredelemnul
 24619 | D:15     | Found a staircase to the Depths.
 25505 | Spider:1 | Entered Level 1 of the Spider Nest
 25515 | Spider:1 | Noticed Rupert
 25531 | Spider:1 | Killed Rupert
 25531 | Spider:1 | Enslaved Rupert
 25561 | Spider:1 | Received a gift from Yredelemnul
 26255 | Spider:2 | Reached skill level 10 in Dodging
 26286 | Spider:2 | Received a gift from Yredelemnul
 26341 | Spider:2 | Reached skill level 23 in Maces & Flails
 26505 | Spider:2 | Reached XP level 16. HP: 153/167 MP: 1/25
 27079 | Spider:3 | Received a gift from Yredelemnul
 27411 | Spider:3 | Received a gift from Yredelemnul
 27539 | Spider:3 | Noticed asdu's ghost (powerful GrBe)
 27553 | Spider:3 | Killed asdu's ghost
 27615 | Spider:3 | Received a gift from Yredelemnul
 27740 | Spider:4 | Entered Level 4 of the Spider Nest
 27740 | Spider:4 | Found a frozen archway.
 27759 | IceCv    | Entered an ice cave
 27947 | Spider:4 | Reached skill level 24 in Maces & Flails
 28062 | Spider:4 | Received a gift from Yredelemnul
 28325 | Spider:4 | Received a gift from Yredelemnul
 28344 | Spider:4 | Reached skill level 15 in Fighting
 28363 | Spider:4 | Received a gift from Yredelemnul
 28388 | Spider:4 | Your ally Rupert died
 28526 | Spider:4 | Received a gift from Yredelemnul
 28636 | Spider:4 | Got a gossamer rune of Zot
 28979 | Shoals:1 | Entered Level 1 of the Shoals
 29234 | Shoals:1 | Reached XP level 17. HP: 184/187 MP: 26/26
 29506 | Shoals:1 | Received a gift from Yredelemnul
 29909 | Shoals:2 | Noticed Polyphemus
 29920 | Shoals:2 | Received a gift from Yredelemnul
 29930 | Shoals:2 | Killed Polyphemus
 30223 | Shoals:3 | Identified a +1 rod of inaccuracy (11/11) (You found it on level 3 of the Shoals)
 30341 | Shoals:3 | Received a gift from Yredelemnul
 30389 | Shoals:3 | Received a gift from Yredelemnul
 30874 | Shoals:4 | Entered Level 4 of the Shoals
 30893 | Shoals:4 | Received a gift from Yredelemnul
 31062 | Shoals:4 | Received a gift from Yredelemnul
 31154 | Shoals:4 | Got a barnacled rune of Zot
 31212 | Shoals:4 | Noticed Ilsuiw
 31221 | Shoals:4 | Killed Ilsuiw
 31394 | Shoals:4 | Learned a level 2 spell: Repel Missiles
 31397 | Shoals:4 | Learned a level 2 spell: Swiftness
 31544 | Shoals:4 | Received a gift from Yredelemnul
 31763 | Shoals:4 | Got a vibrating pewter amulet
 31764 | Shoals:4 | Identified the amulet of Miracles {+Rage rPois Str+2 Dex+2} (You found it on level 4 of the Shoals)
 32196 | Vaults:1 | Entered Level 1 of the Vaults
 32478 | Vaults:1 | Noticed Jorgrun
 32482 | Vaults:1 | Killed Jorgrun
 32482 | Vaults:1 | Reached XP level 18. HP: 201/201 MP: 27/27
 33227 | Vaults:1 | Reached skill level 25 in Maces & Flails
 33360 | Vaults:1 | Noticed Asterion
 33367 | Vaults:1 | Killed Asterion
 33548 | Vaults:2 | Received a gift from Yredelemnul
 33887 | Vaults:2 | Received a gift from Yredelemnul
 33898 | Vaults:2 | Received a gift from Yredelemnul
 34081 | Vaults:2 | Noticed a bone dragon
 34082 | Vaults:2 | Found a staircase to the Crypt.
 34090 | Vaults:2 | Killed a bone dragon
 34787 | Vaults:3 | Found a blossoming altar of Fedhas.
 35228 | Vaults:3 | Reached XP level 19. HP: 182/217 MP: 28/28
 35242 | Vaults:3 | Reached skill level 26 in Maces & Flails
 35524 | Vaults:3 | Received a gift from Yredelemnul
 36439 | Vaults:4 | Received a gift from Yredelemnul
 36493 | Vaults:4 | Found Arghog's Assorted Antiques.
 36501 | Vaults:4 | Bought a scroll of magic mapping for 129 gold pieces
 36597 | Vaults:4 | Got a smoking mace
 36598 | Vaults:4 | Identified the +7 mace "Beetleslayer" {venom, rElec} (You found it on level 4 of the Vaults)
 36875 | Vaults:4 | Received a gift from Yredelemnul
 37439 | Depths:1 | Entered Level 1 of the Depths
 37454 | Depths:1 | Received a gift from Yredelemnul
 37480 | Depths:1 | Reached skill level 27 in Maces & Flails
 37493 | Depths:1 | Received a gift from Yredelemnul
 37576 | Depths:1 | Reached XP level 20. HP: 201/235 MP: 29/29
 38000 | Depths:1 | Found Qipyrpham's Book Shop.
 38008 | Depths:1 | Noticed Wiglaf
 38018 | Depths:1 | Killed Wiglaf
 38018 | Depths:1 | Enslaved Wiglaf
 38706 | Depths:2 | Received a gift from Yredelemnul
 38818 | Depths:2 | Received a gift from Yredelemnul
 38900 | Depths:2 | Found a one-way gate to the infinite horrors of the Abyss.
 39152 | Depths:2 | Found a one-way gate leading to the halls of Pandemonium.
 39430 | Depths:3 | Noticed an ancient lich
 39437 | Depths:3 | Killed an ancient lich
 39477 | Depths:3 | Received a gift from Yredelemnul
 39610 | Depths:3 | Noticed Xtahua
 39617 | Depths:3 | Killed Xtahua
 39768 | Depths:3 | Reached skill level 10 in Armour
 39835 | Depths:3 | Received a gift from Yredelemnul
 39926 | Depths:3 | Got a fine great mace
 39927 | Depths:3 | Identified the +9 great mace of Bloody Death {flame, MP+9} (You found it on level 3 of the Depths)
 39989 | Depths:3 | Reached XP level 21. HP: 244/248 MP: 28/30
 39992 | Depths:3 | Reached skill level 5 in Throwing
 40614 | Depths:3 | Received a gift from Yredelemnul
 40756 | Depths:4 | Received a gift from Yredelemnul
 40813 | Depths:4 | Your ally Wiglaf died
 41109 | Depths:4 | Found a gateway to a ziggurat.
 41170 | Depths:4 | Received a gift from Yredelemnul
 41306 | Depths:4 | Found Orghodas's Jewellery Shoppe.
 41313 | Depths:4 | Bought a cursed ring of loudness for 85 gold pieces
 41313 | Depths:4 | Bought a cursed amulet of inaccuracy for 38 gold pieces
 41903 | Depths:5 | Entered Level 5 of the Depths
 41912 | Depths:5 | Received a gift from Yredelemnul
 42292 | Depths:5 | Found a flickering gateway to a bazaar.
 42297 | Bazaar   | Entered a bazaar
 42297 | Bazaar   | Found Osiwnuphav's Assorted Antiques.
 42297 | Bazaar   | Found Viucurr Viwu's Food Shoppe.
 42297 | Bazaar   | Found Kuiqe's General Store.
 42297 | Bazaar   | Found Boustrut's Assorted Antiques.
 42336 | Bazaar   | Bought a scroll of magic mapping for 35 gold pieces
 42346 | Bazaar   | Bought a dented golden amulet for 125 gold pieces
 42346 | Bazaar   | Bought a potion of resistance for 250 gold pieces
 42351 | Bazaar   | Bought a small steel ring for 90 gold pieces
 42358 | Bazaar   | Bought a phial of floods for 400 gold pieces
 42372 | Bazaar   | Bought a scroll of identify for 36 gold pieces
 42372 | Bazaar   | Bought a stone of tremors for 720 gold pieces
 42372 | Bazaar   | Bought a scroll of magic mapping for 63 gold pieces
 42376 | Bazaar   | Bought a scroll of identify for 50 gold pieces
 42423 | Depths:5 | Reached skill level 1 in Evocations
 42483 | Depths:5 | Received a gift from Yredelemnul
 42724 | Depths:5 | Reached XP level 22. HP: 234/262 MP: 31/31
 42943 | Depths:5 | Received a gift from Yredelemnul
 42995 | Depths:5 | Found a gate to the Realm of Zot.
 43695 | Elf:1    | Entered Level 1 of the Elven Halls
 44170 | Elf:1    | Received a gift from Yredelemnul
 44424 | Elf:2    | Received a gift from Yredelemnul
 44440 | Elf:2    | Found Feph's Antique Armour Emporium.
 44464 | Elf:2    | Found Liucs's General Store.
 44554 | Elf:2    | Learned a level 2 spell: Blink
 44557 | Elf:2    | Learned a level 2 spell: Shroud of Golubria
 44609 | Elf:2    | Reached skill level 5 in Evocations
 44733 | Elf:2    | Found Botuz's Assorted Antiques.
 44740 | Elf:2    | Bought a bone wand for 144 gold pieces
 44876 | Elf:2    | Reached skill level 15 in Dodging
 44882 | Elf:2    | Found a huge runed gate.
 44882 | Elf:2    | Found a huge runed gate.
 44884 | Elf:2    | Found a huge runed gate.
 44926 | Elf:3    | Entered Level 3 of the Elven Halls
 45004 | Elf:3    | Found Diusiam's Armour Boutique.
 45047 | Elf:3    | Received a gift from Yredelemnul
 45302 | Elf:3    | Noticed Aizul
 45315 | Elf:3    | Killed Aizul
 45613 | Elf:3    | Received a gift from Yredelemnul
 45823 | Elf:3    | Received a gift from Yredelemnul
 45878 | Elf:3    | Got a brightly glowing golden ring
 45895 | Elf:3    | Identified the ring of Guophaif {+Fly rPois rF- Int+2} (You took it off a deep elf priest on level 3 of the Elven Halls)
 46167 | Elf:3    | Identified the Grimoire of Unstable Creation (You found it on level 3 of the Elven Halls)
 46774 | Depths:4 | Bought an uncursed amulet of resist mutation for 760 gold pieces
 47468 | Vaults:5 | Entered Level 5 of the Vaults
 47518 | Vaults:4 | Reached XP level 23. HP: 240/276 MP: 32/32
 47914 | Vaults:5 | Received a gift from Yredelemnul
 48120 | Vaults:5 | Received a gift from Yredelemnul
 48518 | Vaults:5 | HP: 10/441 [stone giant/large rock (45)]
 48519 | Vaults:5 | Mangled by a titan

Vault maps used:
D:1:      dpeg_arrival_oval
D:2:      gammafunk_temple_overflow_claw, hangedman_decor_points,
          minmay_misc_feat_iff
D:3:      first_bread, uniq_sigmund
D:4:      minmay_temple_entry_trees, serial_shops, shop,
          gup_sewer_entry_bubbles, minmay_hedge_maze,
          roderic_chinese_pattern_swastika
D:5:      uniq_pikel
D:6:      serial_undead, serial_undead_c, serial_undead_f, serial_undead_c,
          serial_undead_f, serial_undead_c, serial_undead_a,
          lemuel_flamethrower_2, uniq_eustachio, uniq_prince_ribbit1
D:7:      uniq_joseph
D:8:      special_room, minivault_24, uniq_erolcha
D:9:      uniq_erica
D:11:     due_megacathedral, minmay_lair_entry_lava, orc_0_dummy,
          grunt_ministairs_7, hangedman_stone_soup, uniq_snorg
D:13:     grunt_vaults_entry_tiered, nicolae_ru_awakened_eye
D:15:     gammafunk_enter_depths_forms, old_standard_altar, st_stairs_11,
          hangedman_aviary
Lair:1:   infiniplex_staircase_pool, grunt_megastairs_2, uniq_nergalle
Lair:2:   grunt_megastairs_4, uniq_harold
Lair:4:   minmay_shoals_entry_beasts
Lair:5:   nicolae_spider_entry_orb_guardian, bobbens_dragon_lair_wall,
          bh_autumn_forest_stairs
Lair:6:   slime_altar_1, kennysheep_snail_temple
Lair:7:   eino_small_chamber_without_monster,
          eino_small_chamber_without_monster, grunt_megastairs_3,
          serial_bayou_shore_b
Lair:8:   evil_forest, infiniplex_staircase_pool_2
Shoals:2: uniq_polyphemus
Shoals:3: nicolae_shoals_loop_pool
Shoals:4: shoals_end_simple, shoal_ilsuiw
Spider:1: einodemon_crawler_minivault, uniq_rupert
Spider:4: guppyfry_spider_rune, portal_ice_cave_entry_imps,
          guppyfry_spider_mini_2
Orc:2:    uniq_maud, uniq_fannar, uniq_urug
Orc:3:    basic_altar, nicolae_orc_pool_cavern, guppyfry_library_mini,
          uniq_sonja, uniq_donald
Orc:4:    grunt_orc_community_town_hall, grunt_orc_community_big_house_2,
          grunt_orc_community_big_house_1, grunt_orc_community_house_2,
          grunt_orc_community_house_2, grunt_orc_community_house_2,
          grunt_orc_community_house_1, grunt_orc_community_house_1,
          grunt_orc_community_house_1, serial_shops, nicolae_shop_statue_plus,
          uniq_saint_roka, uniq_josephine
Elf:1:    minmay_elf_arrival_plus, hangedman_elf_disciples
Elf:2:    serial_shops, shop, shop, shop, minivault_25, library_closet,
          uniq_azrael
Elf:3:    nooodl_elf_gasket, serial_shops, nicolae_shop_window_shopping,
          uniq_aizul
Vaults:1: grunt_vaults_focal, vaults_dpeg_diagonal, v_alt_pattern_5,
          nicolae_vaults_diagonal_hallway_8, nicolae_vaults_ring_of_whatevers,
          vaults_dpeg_doors, v_rooms_5, ontoclasm_vaults_bender, v_pattern_3,
          uniq_asterion, uniq_jorgrun
Vaults:2: vaults_room_stairs_pillars, hangedman_vaults_river_flow,
          vaults_dpeg_encased_lava, v_misc_11, v_rooms_4, nicolae_vaults_theta,
          grunt_vaults_funnel, ontoclasm_vaults_ring_small,
          ontoclasm_vaults_decontamination, v_misc_11, v_misc_23,
          hangedman_vaults_trim, minmay_crypt_entry_nasty_monster,
          nicolae_vaults_angled_halls, ontoclasm_vaults_idyll,
          nicolae_vaults_murderbox, ontoclasm_vaults_loading_screen
Vaults:3: vaults_dpeg_spiral, vaults_standard_mumra_x, v_pattern_1, v_misc_19,
          nicolae_vaults_shelves_hall, vaults_room_pools, vaults_room_door_ring,
          nicolae_vaults_border_crossing, hangedman_vaults_nails,
          vaults_room_corners, basic_altar
Vaults:4: v_misc_8, vaults_standard_mumra_lines, nicolae_vaults_rhombus_5,
          grunt_vaults_hallway_short, nicolae_vaults_twisting_passages,
          nicolae_vaults_little_ls, v_alt_pattern_2, v_misc_19,
          nicolae_vaults_little_squares_5, vaults_room_pools,
          ontoclasm_vaults_ring_small, hangedman_vaults_locks,
          nicolae_vaults_shelves_hall, nicolae_vaults_shelves_hall,
          serial_shops, nicolae_shop_overgrown_old_shop
Depths:1: hell_entry, minmay_crystal_water, serial_shops, shop, dispersion_dpeg,
          serial_bayou_shore_b, serial_bayou_shore_b, uniq_wiglaf
Depths:2: mu_elemental_laboratory, abyss_entry, rand_demon_pan_entry_9,
          hangedman_decor_opposing, hell_entry, minmay_misc_feat_hallway,
          infiniplex_staircase_star, serial_bayou_shore_b
Depths:3: hangedman_crystal_crosses_colossus, pan_entry, hell_entry, uniq_xtahua
Depths:4: minmay_box_of_statues, enter_ziggurat_b, hellmouth_1, serial_shops,
          shop, abyss_entry, patterned_corridor, minmay_staircase_statues,
          serial_bayou_shore_b
Depths:5: grunt_zot_entry_alcove, pan_entry, infiniplex_enter_wizlab_glasses,
          serial_shops, bzr_entry_road, dk_noncrumbling_3, grunt_hell_horde
Bazaar:   bazaar_minmay_row
Sewer:    sewer_co_cracked_pipes
IceCv:    ice_cave_caverns_02

Action                   |  1- 3 |  4- 6 |  7- 9 | 10-12 | 13-15 | 16-18 | 19-21 | 22-24 || total
-------------------------+-------+-------+-------+-------+-------+-------+-------+-------++-------
Melee: Short sword       |    34 |       |       |       |       |       |       |       ||    34
       Club              |   106 |    59 |       |       |       |       |       |       ||   165
       Morningstar       |       |   135 |     5 |       |       |       |       |       ||   140
       Giant spiked club |       |       |   200 |   353 |   949 |   880 |   770 |   513 ||  3665
       Giant club        |       |       |   155 |       |       |       |       |       ||   155
       Whip              |       |       |    72 |   649 |       |       |       |       ||   721
       Great mace        |       |       |       |       |       |       |    64 |       ||    64
Throw: Large rock        |    10 |       |    21 |       |     1 |       |       |       ||    32
       Throwing net      |     2 |       |       |       |       |       |     2 |       ||     4
Invok: Animate Remains   |       |       |     2 |       |       |       |       |       ||     2
       Animate Dead      |       |       |     3 |    38 |   111 |    73 |    60 |    36 ||   321
       Recall Undead Sla |       |       |       |    10 |    27 |    13 |    12 |    10 ||    72
       Injury Mirror     |       |       |       |     3 |       |       |       |       ||     3
       Stop Recall       |       |       |       |       |     1 |       |       |       ||     1
       Enslave Soul      |       |       |       |       |     1 |       |     1 |       ||     2
Evoke: Wand              |       |       |     3 |     5 |    16 |       |       |       ||    24
       Lamp of fire      |       |       |       |       |       |       |       |     1 ||     1
       Stone of tremors  |       |       |       |       |       |       |       |     1 ||     1
  Use: Scroll            |     2 |     3 |     6 |     9 |    22 |    11 |    10 |     8 ||    71
       Potion            |       |     1 |     1 |     4 |     1 |       |     3 |     5 ||    15
 Stab: Sleeping          |     1 |       |       |       |       |       |       |       ||     1
       Held in net/web   |     1 |       |       |       |       |       |     2 |       ||     3
       Distracted        |       |       |     1 |     4 |    16 |    24 |    32 |    11 ||    88
       Confused          |       |       |       |       |       |     1 |       |       ||     1
       Paralysed         |       |       |       |       |       |     1 |       |       ||     1
       Invisible         |       |       |       |       |       |       |       |     2 ||     2
  Eat: Chunk             |     3 |     5 |    10 |    14 |    37 |    32 |    32 |    13 ||   146
       Pizza             |       |       |     1 |     1 |       |     2 |       |       ||     4
       Meat ration       |       |       |     1 |       |       |       |       |       ||     1
       Fruit             |       |       |       |     6 |       |       |       |     5 ||    11
       Beef jerky        |       |       |       |     3 |     3 |     5 |       |       ||    11
       Royal jelly       |       |       |       |       |     5 |     1 |     7 |     2 ||    15
       Bread ration      |       |       |       |       |       |       |       |     1 ||     1
